 Seeded DCSS version 0.25.1-8-g42b30a86e7 (webtiles) character file.

Game seed: 5332466311276881602 (custom seed)

651 streetpizza the Slasher (level 7, -3/53 HPs)
             Began as a Vampire Gladiator on Dec 12, 2020.
             Slain by a bullfrog (8 damage)
             ... in a sewer.
             The game lasted 00:10:57 (2773 turns).

streetpizza the Slasher (Vampire Gladiator)         Turns: 2773, Time: 00:10:57

Health: -3/53      AC:  4    Str: 13    XL:     7   Next: 28%
Magic:  7/7        EV: 15    Int: 16    God:
Gold:   174        SH:  0    Dex: 18    Spells: 6/6 levels left

rFire    . . .     SeeInvis +   m - +2 war axe (elec)
rCold    . . .     Gourm    .   (no shield)
rNeg     . . .     Faith    .   b - +0 leather armour
rPois    .         Spirit   .   C - +0 hat {MR+}
rElec    .         Reflect  .   (no cloak)
rCorr    .         Harm     .   r - +0 pair of gloves
MR       +....                  (no boots)
Stlth    +.........             e - amulet of the acrobat
HPRegen  0.37/turn              n - +4 ring of slaying
MPRegen  0.10/turn              q - +6 ring of intelligence

@: regenerating quickly, very slow
A: no food, fangs 3, see invisible, unbreathing
a: Exsanguinate


You were in a sewer.
You were alive.

You visited 1 branch of the dungeon, and saw 4 of its levels.
You also visited: Sewer.

You collected 174 gold pieces.

Inventory:

Hand Weapons
 a - a +0 long sword
 m - a +2 war axe of electrocution (weapon)
Missiles
 d - 3 throwing nets
 s - 27 poisoned darts (quivered)
Armour
 b - a +0 leather armour (worn)
 c - a +0 helmet
 r - a +0 pair of gloves (worn)
 x - a +0 buckler
 C - a +0 hat of magic resistance (worn)
Jewellery
 e - an amulet of the acrobat (around neck)
 n - a +4 ring of slaying (left hand)
 o - an uncursed amulet of guardian spirit
 q - a +6 ring of intelligence (right hand)
 y - an uncursed ring of protection from cold
Scrolls
 f - a scroll of immolation {unknown}
 g - 4 scrolls of identify {unknown}
 i - 2 scrolls of fear {unknown}
 j - a scroll of noise {unknown}
 t - 3 scrolls of fog {unknown}
 u - 3 scrolls of teleportation {unknown}
 v - a scroll of remove curse {unknown}
 w - a scroll of amnesia {unknown}
Potions
 h - 3 potions of lignification {unknown}
 k - a potion of cancellation {unknown}
 l - 2 potions of heal wounds {unknown}
 p - a potion of flight {unknown}
 z - 3 potions of brilliance {unknown}
 A - a potion of curing {unknown}
 B - a potion of stabbing {unknown}
 D - a potion of haste {unknown}
 E - 2 potions of magic {unknown}


   Skills:
 + Level 3.9 Fighting
 * Level 6.4 Long Blades
 - Level 1.5 Throwing
 + Level 5.4 Dodging


You had 6 spell levels left.
You didn't know any spells.
Your spell library was empty.

Dungeon Overview and Level Annotations

Branches:
Dungeon (4/15)              Sewer (1/1)
 Temple: D:4-7

Altars:


Innate Abilities, Weirdness & Mutations

You do not eat.
Your natural rate of healing is unusually fast.
You have razor-sharp teeth.
You have supernaturally acute eyesight. (SInv)
You can survive without breathing.


Message History

The ball python grabs you. The ball python constricts you.
The bullfrog closely misses you. The ball python closely misses you.
The ball python constricts you.
You slash the bullfrog!
The bullfrog is heavily wounded.
You hit the ball python.
You kill the ball python!
The bullfrog misses you. The bullfrog closely misses you.
The bullfrog hits you!
You slash the bullfrog!
The bullfrog is almost dead.
The bullfrog hits you.
* * * LOW HITPOINT WARNING * * *
The bullfrog hits you!
* * * LOW HITPOINT WARNING * * *
Unknown command.
You closely miss the bullfrog.
The bullfrog is almost dead.
The bullfrog hits you!
You die...

#≈≈≈≈≈≈# #≈≈≈≈≈≈
#≈≈≈≈≈≈# #≈≈≈≈≈≈
#≈≈≈≈≈≈# #≈≈≈≈≈≈
#≈≈≈≈≈≈# #≈≈≈≈≈≈
#≈≈#≈≈≈# #≈≈≈≈≈≈
#≈.≈≈≈≈# #≈≈≈≈≈≈
#≈.≈≈≈≈# #≈≈≈≈≈#
#≈≈≈F≈≈# #≈≈(.≈≈
#≈≈@≈≈≈# #≈≈≈≈≈≈
#≈≈≈≈≈≈# #≈≈≈≈≈≈
#≈≈≈≈≈≈# #≈≈≈≈≈≈
#≈≈≈≈≈≈# #≈≈†≈≈≈
#≈≈≈≈≈≈# #≈≈≈≈≈≈
#≈≈≈≈≈≈##### #≈≈≈†≈≈
##≈≈≈≈###..# ##≈≈≈≈.
#......##..###......
##......##'##......#


You could see a bullfrog.

Vanquished Creatures
  Sigmund (D:3)
  An ogre (D:2)
  A bullfrog (Sewer)
  An orc wizard (D:4)
  Robin (D:3)
  11 adders
  6 river rats (Sewer)
  3 oozes
  4 worms
  2 dart slugs
  3 leopard geckos
  4 orcs
  5 giant cockroaches
  13 goblins
  9 hobgoblins
  3 jackals
  13 ball pythons
  7 bats
  8 frilled lizards
  8 kobolds
  32 rats
136 creatures vanquished.

Notes
Turn   | Place    | Note
-------+----------+-------------------------------------------
     0 | D:1      | streetpizza the Vampire Gladiator began the quest for the
                  | Orb.
     0 | D:1      | Reached XP level 1. HP: 16/16 MP: 1/1
   341 | D:1      | Reached XP level 2. HP: 22/22 MP: 2/2
   762 | D:2      | Reached XP level 3. HP: 18/27 MP: 3/3
  1259 | D:2      | Reached skill level 4 in Long Blades
  1370 | D:2      | Noticed an ogre
  1376 | D:2      | Killed an ogre
  1376 | D:2      | Reached XP level 4. HP: 23/30 MP: 4/4
  1376 | D:2      | Reached XP level 5. HP: 28/36 MP: 5/5
  1800 | D:3      | Noticed Robin
  1805 | D:3      | Reached skill level 5 in Long Blades
  1807 | D:3      | Killed Robin
  2086 | D:3      | Noticed Sigmund
  2104 | D:3      | Killed Sigmund
  2104 | D:3      | Reached XP level 6. HP: 41/47 MP: 6/6
  2326 | D:4      | Reached skill level 5 in Dodging
  2394 | D:4      | Found a glowing drain.
  2427 | Sewer    | Entered a sewer
  2514 | Sewer    | Reached skill level 6 in Long Blades
  2598 | Sewer    | Reached XP level 7. HP: 53/53 MP: 7/7
  2773 | Sewer    | Slain by a bullfrog

Illustrated notes

Levels and vault maps discovered:
D:1:      dpeg_arrival_water_temple_mockup, layout_basic, chequers_jeans,
          minmay_misc_feat_more_columns
D:2:      layout_loops_cross, kennysheep_generic_room_11
D:3:      layout_loops_cross, minmay_crystal_water, uniq_sigmund, uniq_robin
D:4:      layout_cave_pods, serial_shops, nicolae_shop_waterfront,
          nicolae_shop_trees, portal_sewer_entry_e, makhleb_altar_promises_db,
          uniq_edmund
Sewer:    sewer_minmay_w

Skill      XL: |  1  2  3  4  5  6 |
---------------+-------------------+-----
Fighting       | 2 3 |  3.9
Long Blades    | 4 5 6 |  6.4
Dodging        | 4 5 |  5.4
Throwing       | |  1.5

Action                   |  1- 3 |  4- 6 |  7- 9 || total
-------------------------+-------+-------+-------++-------
Melee: Long sword        |    49 |       |       ||    49
       Bite              |     9 |     7 |     4 ||    20
       War axe           |    21 |   131 |    58 ||   210
 Abil: Exsanguinate      |     1 |       |       ||     1
       Revivify          |     1 |       |       ||     1
Armor: Leather armour    |    23 |    39 |    24 ||    86
Dodge: Dodged            |   108 |   114 |   106 ||   328
       Rpst.: Long sword |    31 |       |       ||    31
